AoeStats
← tengo_hambre_3000

Arabian Desert

510397601Analyzed
1v1 RM · 2d ago on Sep 30, 2026· 50m 20s· 2 players
Game mode
Random Map
Map size
Tiny (2 player)
Population
200
Speed
Normal
Resources
Standard
Victory
Conquest
Starting age
Dark Age
Ending age
Imperial Age
RankedLock teamsTeams togetherTeam positionsShared explorationLock speedFull tech treeHidden civsTurbo modeCheats
Victory
Defeat
🇦🇷 Dravidians · Argentina
1443
+19
🇬🇧 Burgundians · United Kingdom
1511
-19
bambambigelow
7:15 Loom
9:43 Feudal Age
16:23 Fletching
17:19 Double-Bit Axe
22:59 Castle Age
21:39 Horse Collar
22:57 Scale Barding Armor
23:04 Gold Mining
23:55 Bow Saw
28:11 Heavy Plow
29:20 Wheelbarrow
28:56 Light Cavalry
29:52 Husbandry
33:24 Cavalier
36:20 Chain Barding Armor
35:21 Cavalier
37:46 Forging
44:44 Imperial Age
43:57 Iron Casting
43:46 Bodkin Arrow
44:21 Town Watch
44:51 Hand Cart
45:54 Gold Shaft Mining
47:49 Chemistry
47:03 Bracer
46:50 Hussar
49:32 Ballistics
49:33 Padded Archer Armor
tengo_hambre_3000
6:46 Loom
9:13 Feudal Age
9:19 Man-at-Arms
10:27 Double-Bit Axe
21:18 Castle Age
19:37 Fletching
21:20 Elite Skirmisher
23:03 Bow Saw
22:44 Pikeman
28:35 Horse Collar
31:00 Wheelbarrow
34:02 Sanctity
34:22 Atonement
34:50 Hand Cart
35:23 Medical Corps
36:10 Town Watch
36:51 Long Swordsman
38:08 Forging
40:34 Imperial Age
38:08 Scale Mail Armor
40:04 Iron Casting
40:27 Gambesons
41:36 Chain Mail Armor
40:42 Two-Handed Swordsman
41:26 Pikeman
42:21 Halberdier
45:25 Heavy Plow
47:00 Blast Furnace
46:29 Champion
48:38 Plate Mail Armor
49:44 Ballistics
50:13 Padded Archer Armor
Connection lost

Rejoining the realm…

Still unreachable

The connection could not be restored.

Session expired

The server has moved on; the page needs a fresh start.